 Dungeon Crawl Stone Soup version 0.29-a0-541-gaf1fc19f1b (webtiles) character file.

Game seed: 15154494188325798218

280 MechDurjaeses the Shield-Bearer (level 6, 76/79 HPs)
             Began as a Gnoll Fighter on June 3, 2022.
             Quit the game on level 3 of the Dungeon.
             The game lasted 00:08:34 (2697 turns).

MechDurjaeses the Shield-Bearer (Gnoll Fighter)     Turns: 2697, Time: 00:08:35

Health: 76/79      AC: 14    Str: 13 (15) XL:     6   Next: 27%
Magic:  8/8        EV:  9    Int:  7 (8)  God:
Gold:   43         SH:  5    Dex: 10 (11) Spells: 8/8 levels left

rFire   . . .      SeeInvis .   a - +0 trident
rCold   . . .      Faith    .   c - +0 buckler
rNeg    . . .      Spirit   .   b - +0 scale mail
rPois   .          Reflect  .   j - +2 helmet
rElec   .          Harm     .   (no cloak)
rCorr   .          Rampage  .   m - +2 pair of gloves
Will    .....      Rage     1%  (no boots)
Stlth   ..........              (no amulet)
HPRegen 0.23/turn               (no ring)
MPRegen 0.11/turn               (no ring)

@: berserking (expiring), quick
A: fangs 1, strong nose, distributed training, berserk 1, dopey 1
a: no special abilities


You were on level 3 of the Dungeon.
You visited 1 branch of the dungeon, and saw 3 of its levels.

You collected 43 gold pieces.

Inventory:

Hand Weapons
 a - a +0 trident (weapon)
 g - a +2 dagger of holy wrath
Armour
 b - a +0 scale mail (worn)
 c - a +0 buckler (worn)
 h - a +0 ring mail
 i - a +0 pair of gloves
 j - a +2 helmet (worn)
 m - a +2 pair of gloves (worn)
Magical Staves
 f - a staff of fire
Jewellery
 k - an amulet of guardian spirit
Wands
 d - a wand of flame (6)
Potions
 e - a potion of flight
 l - a potion of cancellation {unknown}


   Skills:
 + Level 6.8 Fighting
 + Level 1.9 Short Blades
 + Level 1.9 Long Blades
 + Level 1.9 Axes
 + Level 1.9 Maces & Flails
 + Level 4.9 Polearms
 + Level 1.9 Staves
 + Level 1.9 Slings
 + Level 1.9 Bows
 + Level 1.9 Crossbows
 + Level 1.9 Throwing
 + Level 6.8 Armour
 + Level 1.9 Dodging
 + Level 1.9 Stealth
 + Level 6.8 Shields
 + Level 1.9 Unarmed Combat
 + Level 1.9 Spellcasting
 + Level 1.5 Conjurations
 + Level 1.5 Hexes
 + Level 1.5 Summonings
 + Level 1.5 Necromancy
 + Level 1.5 Translocations
 + Level 1.5 Transmutations
 + Level 1.5 Fire Magic
 + Level 1.5 Ice Magic
 + Level 1.5 Air Magic
 + Level 1.5 Earth Magic
 + Level 1.5 Poison Magic
 + Level 2.1 Invocations
 + Level 1.9 Evocations


You had 8 spell levels left.
You didn't know any spells.
Your spell library contained the following spells:

 Spells                   Type           Power      Damage    Failure   Level
 Shock                    Conj/Air       8%         1d3       71%         1
 Swiftness                Air            2%         N/A       97%         3
 Airstrike                Air            1%         N/A       100%        4


Dungeon Overview and Level Annotations

Branches:
Dungeon (3/15)

Altars:

Annotations:
D:3 3 runed translucent doors, xian's ghost, amateur DrCj


Innate Abilities, Weirdness & Mutations

You have very sharp teeth.
Your uncanny sense of smell can sniff out nearby items.
Your experience applies equally to all skills.
You tend to lose your temper in combat.
You are dopey. (Int -2)


Message History

You closely miss the river rat.
Your unstable footing causes you to fumble your attack.
The river rat bites you but does no damage.
Your unstable footing causes you to fumble your attack.
The river rat bites you but does no damage.
You barely miss the river rat. The river rat barely misses you.
You closely miss the river rat.
Your unstable footing causes you to fumble your attack.
The river rat barely misses you.
You puncture the river rat!
You kill the river rat!
No target in view!
No target in view!
No target in view!
No target in view!
No target in view!
Save game and exit?
Okay, then.
You don't know any spells.
There's nothing to close nearby.
Unknown command.
You are a level 6 Gnoll Fighter.
You are 27% of the way to level 7.
Play time: 00:08:13 (2694 turns).
Zot will find you in 15252 turns if you stay in this branch and explore no new floors.
You aren't wearing any rings or amulets.
You are too berserk!
You feel a strong urge to attack something.
You don't know any spells.
You don't know any spells.
There's nothing to open nearby.
Okay, then.
Expiring: You are possessed by a berserker rage.
Your wading speed is quick.
Your attack delay is about 0.6.
Your base attributes are Str 15, Int 10, Dex 11.
Char dumped successfully.
Okay, then.
There's nothing to open nearby.
Enter note: Unknown command.
Are you sure you want to abandon this character and quit the game? (Confirm with "yes".)

#.# #.# #.# #.#
##.# #.# ###
### ...#
#.###≈######≈##
####
#.##≈≈≈≈≈≈≈≈≈≈#
#..#≈≈≈####≈≈≈#
#####≈##≈≈##≈##
#≈#≈≈.≈#≈#
#≈#≈≈≈@#≈#
##≈##≈†##≈##
#≈≈≈#≈≈#†≈≈# ##
#≈≈≈#≈†≈≈≈≈# .#
##≈######≈## .#
#.# #.### .#
#†####.# .#
#†.)...# .#
######.#


There were no monsters in sight!

Vanquished Creatures
  2 orc priests (D:3)
  An orc wizard (D:3)
  Ijyb (D:3)
  4 adders (D:3)
  4 gnolls (D:3)
  3 river rats (D:3)
  2 dart slugs
  6 orcs (D:3)
  2 ball pythons
  6 endoplasms
  3 giant cockroaches
  3 hobgoblins
  4 quokkas
  9 bats
  2 frilled lizards
  5 goblins
  7 kobolds
  6 rats
70 creatures vanquished.

Vanquished Creatures (others)
  3 fungi (D:3)
  A plant (D:3)
4 creatures vanquished.

Grand Total: 74 creatures vanquished

Notes
Turn   | Place    | Note
-------+----------+-------------------------------------------
     0 | D:1      | MechDurjaeses the Gnoll Fighter began the quest for the
                  | Orb.
     0 | D:1      | Reached XP level 1. HP: 23/23 MP: 1/1
   114 | D:1      | Reached XP level 2. HP: 29/29 MP: 2/2
   566 | D:1      | Reached XP level 3. HP: 35/35 MP: 3/3
   888 | D:2      | Reached skill level 1 in Invocations
  1347 | D:3      | Reached skill level 1 in Short Blades
  1347 | D:3      | Reached skill level 1 in Long Blades
  1347 | D:3      | Reached skill level 1 in Axes
  1347 | D:3      | Reached skill level 1 in Maces & Flails
  1347 | D:3      | Reached skill level 1 in Staves
  1347 | D:3      | Reached skill level 1 in Slings
  1347 | D:3      | Reached skill level 1 in Bows
  1347 | D:3      | Reached skill level 1 in Crossbows
  1347 | D:3      | Reached skill level 1 in Throwing
  1347 | D:3      | Reached skill level 1 in Dodging
  1347 | D:3      | Reached skill level 1 in Stealth
  1347 | D:3      | Reached skill level 1 in Unarmed Combat
  1347 | D:3      | Reached skill level 1 in Spellcasting
  1347 | D:3      | Reached skill level 1 in Evocations
  1369 | D:3      | Reached XP level 4. HP: 41/41 MP: 5/5
  1378 | D:3      | Reached skill level 1 in Conjurations
  1378 | D:3      | Reached skill level 1 in Hexes
  1378 | D:3      | Reached skill level 1 in Summonings
  1378 | D:3      | Reached skill level 1 in Necromancy
  1378 | D:3      | Reached skill level 1 in Translocations
  1378 | D:3      | Reached skill level 1 in Transmutations
  1378 | D:3      | Reached skill level 1 in Fire Magic
  1378 | D:3      | Reached skill level 1 in Ice Magic
  1378 | D:3      | Reached skill level 1 in Air Magic
  1378 | D:3      | Reached skill level 1 in Earth Magic
  1378 | D:3      | Reached skill level 1 in Poison Magic
  1390 | D:3      | Noticed Ijyb
  1413 | D:3      | Killed Ijyb
  1496 | D:3      | Reached XP level 5. HP: 26/47 MP: 6/6
  1530 | D:3      | Gained mutation: You tend to lose your temper in combat.
                  | [potion of mutation]
  1530 | D:3      | Gained mutation: You are dopey. (Int -2) [potion of
                  | mutation]
  1560 | D:3      | Found a runed translucent gate.
  1561 | D:3      | Found a runed translucent gate.
  1562 | D:3      | Found a runed translucent gate.
  1563 | D:3      | Noticed xian's ghost (amateur DrCj)
  1563 | D:3      | Noticed a kobold brigand
  1960 | D:3      | Reached XP level 6. HP: 22/53 MP: 8/8
  2697 | D:3      | Quit the game

Illustrated notes

Levels and vault maps discovered:
D:1:      wander_arrival_peaceful_grave, layout_basic, minivault_19,
          amcnicky_mini_corridor_feature, chequers_serial_rivers_small_a
D:2:      layout_loops_ring, eino_curves_04
D:3:      layout_loops_ring, gammafunk_ghost_nasty_kobolds,
          gup_sewer_entry_bubbles, uniq_ijyb

Skill      XL: |  1  2  3  4  5  6 |
---------------+-------------------+-----
Invocations    | 1 2 |  2.1
Short Blades   | 1 |  1.9
Long Blades    | 1 |  1.9
Axes           | 1 |  1.9
Maces & Flails | 1 |  1.9
Staves         | 1 |  1.9
Slings         | 1 |  1.9
Bows           | 1 |  1.9
Crossbows      | 1 |  1.9
Throwing       | 1 |  1.9
Dodging        | 1 |  1.9
Stealth        | 1 |  1.9
Unarmed Combat | 1 |  1.9
Spellcasting   | 1 |  1.9
Evocations     | 1 |  1.9
Conjurations   | 1 |  1.5
Hexes          | 1 |  1.5
Summonings     | 1 |  1.5
Necromancy     | 1 |  1.5
Translocations | 1 |  1.5
Transmutations | 1 |  1.5
Fire Magic     | 1 |  1.5
Ice Magic      | 1 |  1.5
Air Magic      | 1 |  1.5
Earth Magic    | 1 |  1.5
Poison Magic   | 1 |  1.5
Fighting       | |  6.8
Polearms       | |  4.9
Armour         | |  6.8
Shields        | |  6.8

Action                   |  1- 3 |  4- 6 || total
-------------------------+-------+-------++-------
Melee: Trident           |    94 |   170 ||   264
       Bite              |     5 |    10 ||    15
  Use: Scroll            |     1 |     2 ||     3
       Potion            |       |     5 ||     5
 Stab: Distracted        |       |     1 ||     1
Armor: Scale mail        |    31 |    58 ||    89
Dodge: Dodged            |    27 |    52 ||    79
Block: Buckler           |    23 |    43 ||    66

Table legend: (Time is in decaauts)
 A = Elapsed time spent in this place.
 B = Non-inter-level travel time spent in this place.
 C = Inter-level travel time spent in this place.
 D = Time resting spent in this place.
 E = Time spent auto-exploring this place.
 F = Levels seen in this place.
 G = Mean time per level.
                   A        B        C        D        E       F      G
               +--------+--------+--------+--------+--------+-----+--------+
         Total |   2750 |   2576 |    174 |     15 |   2052 |   3 |  916.7 |
       Dungeon |   2750 |   2576 |    174 |     15 |   2052 |   3 |  916.7 |
               +--------+--------+--------+--------+--------+-----+--------+

Top non-repeatable levels by time:
     D:3: 1407 daAuts
     D:2: 732 daAuts
     D:1: 611 daAuts
